 Dungeon Crawl Stone Soup version 0.28-a0-422-gd71735cc25 (webtiles) character file.

Game seed: 9047001328830572763

100 heikuro the Covered (level 5, 0/42 HPs)
             Began as a Formicid Fighter on Sept 9, 2021.
             Was a Believer of Dithmenos.
             Succumbed to a gnoll's poison
             ... on level 1 of the Dungeon.
             The game lasted 00:03:03 (2124 turns).

heikuro the Covered (Formicid Fighter)              Turns: 2124, Time: 00:03:03

Health: 0/42       AC:  7    Str: 22    XL:     5   Next: 3%
Magic:  6/6        EV:  9    Int:  7    God:    Dithmenos [**....]
Gold:   64         SH:  4    Dex: 10    Spells: 4/4 levels left

rFire   . . .      SeeInvis +   j - +2 dagger (venom)
rCold   . . .      Faith    .   c - +0 buckler
rNeg    . . .      Spirit   .   b - +0 scale mail
rPois   .          Reflect  .   (helmet unavailable)
rElec   .          Harm     .   (no cloak)
rCorr   .          Rampage  .   (no gloves)
Will    .....                   (no boots)
Stlth   ..........              (no amulet)
HPRegen 0.14/turn               (no ring)
MPRegen 0.10/turn               (no ring)

@: lethally poisoned (0 -> -5), wreathed by umbra
A: permanent stasis, dig shafts and tunnels, antennae 3, four strong arms
a: Dig, Shaft Self, Renounce Religion, Shadow Step


You were on level 1 of the Dungeon.
You worshipped Dithmenos.
Dithmenos was pleased with you.
You visited 1 branch of the dungeon, and saw 2 of its levels.

You collected 64 gold pieces.

Inventory:

Hand Weapons
 a - a +0 long sword
 j - a +2 dagger of venom (weapon)
Armour
 b - a +0 scale mail (worn)
 c - a +0 buckler (worn)
Jewellery
 f - a ring of resist corrosion
Scrolls
 e - a scroll of fog {unknown}
 g - a scroll of enchant armour {unknown}
 h - 2 scrolls of noise {unknown}
Potions
 d - a potion of might


   Skills:
 + Level 3.9 Fighting
 * Level 3.3 Long Blades
 + Level 3.9 Armour
 - Level 3.8 Shields
 + Level 1.4 Invocations


You had 4 spell levels left.
You didn't know any spells.
Your spell library was empty.

Dungeon Overview and Level Annotations

Branches:
Dungeon (2/15)

Altars:
Dithmenos


Innate Abilities, Weirdness & Mutations

You cannot be hasted, slowed, berserked, paralysed or teleported.
You can dig through walls and to a lower floor.
You have a pair of large antennae on your head. (SInv)
Your four strong arms can wield two-handed weapons with a shield.


Message History

You puncture the gnoll!
You kill the gnoll!
Dithmenos accepts your kill.
The gnoll hits you from afar with a +2 spear of venom.
You are poisoned.
* * * LOW HITPOINT WARNING * * *
You feel very sick.
You feel sick.
You feel sick.
You feel sick.
You feel sick.
You feel sick.
You feel sick.
You kill the gnoll!
Dithmenos accepts your kill.
You have reached level 5!
You feel sick.
You are no longer poisoned.
Things that are here:
a +0 dagger; a +0 animal skin; a +0 helmet
Things that are here:
a +0 dagger; a goblin skeleton You see here a +0 club.
There is a stone staircase leading up here.
Items here: ( )) รท.
The gnoll hits you from afar with a +2 spear of venom.
* * * LOW HITPOINT WARNING * * *
You are lethally poisoned!
You climb upwards.
* * * LOW HITPOINT WARNING * * *
You feel very sick.
There is a stone staircase leading down here.
It was a potion of haste.
Your stasis prevents you from being hasted.
* * * LOW HITPOINT WARNING * * *
You feel sick.
There is a lethal amount of poison in your body!
* * * LOW HITPOINT WARNING * * *
You feel sick.
You die...

#.........# #.........#
#############.........#
............'.........#
......#######......[..#
............+.........#
........#####.........#
........#...#..)......###########
................@................
####.#..#......)...............##
#........#.................#.#.#
#.#.#..#.#...#..................
#.#....#.#.###..###........#.#.#
#.####+#+#........+............(
#.#.........##..###........#.#.#
#.#.........##...##)#######.....
##.#.........###..##.# ##.#.#


There were no monsters in sight!

Vanquished Creatures
  Robin (D:2)
  3 gnolls (D:2)
  A dart slug (D:1)
  A bat (D:1)
  11 endoplasms
  A giant cockroach (D:1)
  11 goblins
  4 hobgoblins
  3 jackals (D:1)
  5 quokkas
  3 ball pythons
  A frilled lizard (D:1)
  3 kobolds
  4 rats
52 creatures vanquished.

Notes
Turn   | Place    | Note
-------+----------+-------------------------------------------
     0 | D:1      | heikuro the Formicid Fighter began the quest for the Orb.
     0 | D:1      | Reached XP level 1. HP: 18/18 MP: 1/1
    94 | D:1      | Reached XP level 2. HP: 21/24 MP: 2/2
   429 | D:1      | Found a faded altar of an unknown god.
   437 | D:1      | Became a worshipper of Dithmenos the Shadowed
   437 | D:1      | Reached * piety under Dithmenos
   551 | D:1      | Reached XP level 3. HP: 29/29 MP: 3/3
  1421 | D:2      | Noticed Robin
  1447 | D:1      | Reached ** piety under Dithmenos
  1716 | D:2      | Reached XP level 4. HP: 36/37 MP: 4/4
  1805 | D:2      | Reached skill level 1 in Invocations
  1809 | D:2      | Killed Robin
  2084 | D:2      | Reached XP level 5. HP: 5/42 MP: 4/6
  2121 | D:1      | HP: 2/42 [poisoned by a gnoll]
  2124 | D:1      | Succumbed to a gnoll's poison

Illustrated notes

Levels and vault maps discovered:
D:1:      kennysheep_arrival_seaside, layout_basic,
          hellmonk_ecumenical_altar_leap_of_faith, minmay_misc_feat_five,
          st_stairs_10
D:2:      layout_basic, minmay_stone_trees_small, uniq_jessica, uniq_robin

Skill      XL: |  1  2  3  4 |
---------------+-------------+-----
Invocations    | 1 |  1.4
Long Blades    | 3 |  3.3
Fighting       | |  3.9
Armour         | |  3.9
Shields        | |  3.8

Action                   |  1- 3 |  4- 6 || total
-------------------------+-------+-------++-------
Melee: Long sword        |    93 |       ||    93
       Dagger            |     5 |    35 ||    40
  Use: Potion            |       |     1 ||     1
Armor: Scale mail        |    52 |    14 ||    66
Dodge: Dodged            |    34 |    16 ||    50
Block: Buckler           |    22 |     6 ||    28

Table legend: (Time is in decaauts)
 A = Elapsed time spent in this place.
 B = Non-inter-level travel time spent in this place.
 C = Inter-level travel time spent in this place.
 D = Time resting spent in this place.
 E = Time spent auto-exploring this place.
 F = Levels seen in this place.
 G = Mean time per level.
                   A        B        C        D        E       F      G
               +--------+--------+--------+--------+--------+-----+--------+
         Total |   2154 |   2093 |     61 |    673 |    945 |   2 | 1077.0 |
       Dungeon |   2154 |   2093 |     61 |    673 |    945 |   2 | 1077.0 |
               +--------+--------+--------+--------+--------+-----+--------+

Top non-repeatable levels by time:
     D:1: 1777 daAuts
     D:2: 377 daAuts
